 Dungeon Crawl Stone Soup version 0.18.1-48-g4cf74bf (webtiles) character file.

231 tyranidshit the Grave Robber (level 5, 0/49 HPs)
             Began as a Deep Dwarf Necromancer on July 11, 2016.
             Slain by junkhipster's ghost (3 damage)
             ... on level 3 of the Dungeon.
             The game lasted 00:10:29 (1448 turns).

tyranidshit the Grave Robber (DDNe)                 Turns: 1448, Time: 00:10:29

Health: 0/49       AC: 11    Str: 11    XL:     5   Next: 73%
Magic:  9/9        EV:  4    Int: 17    God:
Gold:   213        SH:  0    Dex: 13    Spells: 2 memorised, 7 levels left

rFire  . . .     SeeInvis .     q - +1 scythe
rCold  . . .     Gourm    .     f - +0 chain mail (curse)
rNeg   . . .     Faith    .     (shield currently unavailable)
rPois  .         Spirit   .     r - +2 helmet
rElec  .         Dismiss  .     (no cloak)
rCorr  .         Reflect  .     (no gloves)
SustAt .         Harm     .     (no boots)
MR     .....                    (no amulet)
Stlth  ..........               (no ring)
                                g - ring of stealth

@: non-regenerating, very heavily drained, not resistant to hostile
enchantments, extremely unstealthy
A: damage resistance, recharge devices, sense surroundings 1, slow regeneration
3
a: Device Recharging


You were on level 3 of the Dungeon.
You were not hungry.

You visited 1 branch of the dungeon, and saw 3 of its levels.

You collected 213 gold pieces.

Inventory:

Hand Weapons
 i - a +0 mace
 q - a +1 scythe (weapon)
Armour
 a - a +0 robe
 f - a cursed +0 chain mail (worn)
 r - a +2 helmet (worn)
Jewellery
 g - a ring of stealth (left hand)
Wands
 c - a wand of heal wounds (2/9)
Scrolls
 h - a scroll of identify
Books
 b - a book of Necromancy

   Spells                             Type                      Level
   a - Pain                           Necromancy                   1
   b - Animate Skeleton               Necromancy                   1
   c - Vampiric Draining              Necromancy                   3
   d - Regeneration                   Charms/Necromancy            3
   e - Animate Dead                   Necromancy                   4
   f - Control Undead                 Necromancy                   4
 e - a book of Beasts

   Spells                             Type                      Level
   a - Summon Butterflies             Summoning                    1
   b - Call Canine Familiar           Summoning                    3
   c - Summon Ice Beast               Ice/Summoning                4
   d - Summon Mana Viper              Hexes/Summoning              5
   e - Summon Hydra                   Summoning                    7
Comestibles
 d - a beef jerky
 j - a bread ration
 l - 2 fruits
 m - 2 meat rations


   Skills:
 + Level 3.2(0.3) Fighting
 - Level 2.1(0.0) Dodging
 - Level 2.4(0.0) Stealth
 + Level 3.9(0.9) Spellcasting
 - Level 4.3(1.3) Necromancy


You had 7 spell levels left.
You knew the following spells:

 Your Spells              Type           Power        Failure   Level  Hunger
a - Pain                  Necr           #...         100%        1    ##.....
b - Vampiric Draining     Necr           #.........   100%        3    ####...


Dungeon Overview and Level Annotations

Branches:
Dungeon (3/15)

Altars:
Dithmenos
Fedhas
Kikubaaqudgha
Trog

Annotations:
D:3 junkhipster's ghost, amateur GrFi


Innate Abilities, Weirdness & Mutations

You are resistant to damage.
You can recharge devices by infusing magical energy.
You passively map a small area around you.
You do not regenerate naturally.


Message History

The bat hits you but does no damage. The bat barely misses you.
The kobold hits you but does no damage. The bat hits you but does no damage. x3
The bat hits you but does no damage. x2; The bat is sucked into a shaft!
The shaft crumbles and collapses.
You closely miss the kobold. The bat hits you but does no damage.
The kobold hits you but does no damage.
The hobgoblin hits you but does no damage.
The kobold barely misses you.
Junkhipster's ghost hits you but does no damage.
You feel drained.
You closely miss the kobold.
The hobgoblin hits you but does no damage.
The kobold hits you but does no damage. Junkhipster's ghost hits you!
* * * LOW HITPOINT WARNING * * *
You feel drained.
* * * LOW HITPOINT WARNING * * *
The hobgoblin hits you but does no damage.
The kobold hits you but does no damage. Junkhipster's ghost hits you.
You die...

##### #@gK#
#KW.# #b..#
** #...### ,
#.....## **
* ##.##..# *
#.###.######
*
#.....!.>..#
,
##.........#
*


You could see junkhipster's ghost, a hobgoblin, a bat (inner flame) and 2
kobolds.

Vanquished Creatures
  Sigmund (D:2)
  Robin (D:2)
  An adder (D:3)
  A dart slug (D:1)
  An orc (D:3)
  2 bats (D:3)
  A giant cockroach (D:2)
  15 goblins
  5 hobgoblins
  3 ball pythons
  A giant newt (D:1)
  11 kobolds
  6 rats
49 creatures vanquished.

Notes
Turn   | Place    | Note
--------------------------------------------------------------
     0 | D:1      | tyranidshit the Deep Dwarf Necromancer began the quest for the Orb.
     0 | D:1      | Reached XP level 1. HP: 15/15 MP: 3/3
   178 | D:1      | Reached XP level 2. HP: 24/24 MP: 3/5
   276 | D:1      | Reached skill level 1 in Fighting
   567 | D:2      | Found a blossoming altar of Fedhas.
   568 | D:2      | Found an ancient bone altar of Kikubaaqudgha.
   785 | D:2      | Noticed Sigmund
   816 | D:2      | Killed Sigmund
   816 | D:2      | Reached XP level 3. HP: 33/33 MP: 1/8
   816 | D:2      | Reached XP level 4. HP: 40/40 MP: 1/9
   816 | D:2      | Reached XP level 5. HP: 48/48 MP: 1/10
   821 | D:2      | Learned a level 3 spell: Vampiric Draining
   845 | D:2      | Noticed Robin
   888 | D:2      | Killed Robin
  1094 | D:3      | Found a shadowy altar of Dithmenos.
  1311 | D:3      | Found a bloodstained altar of Trog.
  1374 | D:3      | Noticed junkhipster's ghost (amateur GrFi)
  1448 | D:3      | Slain by junkhipster's ghost

Skill      XL: |  1  2  3  4  5 |
---------------+----------------+-----
Spellcasting   | 2 3 |  3.9
Fighting       | 2 3 |  3.2
Dodging        | |  2.1
Stealth        | |  2.4
Necromancy     | |  4.3

Action                   |  1- 3 |  4- 6 || total
-------------------------+-------+-------++-------
Melee: Dagger            |     3 |       ||     3
       Mace              |    15 |       ||    15
       Scythe            |       |    78 ||    78
 Cast: Pain              |    30 |     4 ||    34
       Vampiric Draining |       |    10 ||    10
 Abil: Device Recharging |       |     1 ||     1
Evoke: Wand              |     2 |     2 ||     4
  Use: Scroll            |       |     6 ||     6
       Potion            |       |     2 ||     2
  Eat: Bread ration      |       |     1 ||     1
Armor: Robe              |     2 |    33 ||    35
       Chain mail        |       |   131 ||   131
Dodge: Dodged            |    18 |   129 ||   147
